 Dungeon Crawl Stone Soup version 0.25.0-9-g26727b657a (webtiles) character file.

Game seed: 13297397463499145088

372 HoaS the Cudgeler (level 6, -5/40 HPs)
             Began as a Gargoyle Fighter on June 17, 2020.
             Killed by divine providence
             ... invoked by an orc priest
              (11 damage)
             ... on level 4 of the Dungeon.
             The game lasted 00:09:48 (3164 turns).

HoaS the Cudgeler (Gargoyle Fighter)                Turns: 3164, Time: 00:09:48

Health: -5/40      AC: 15    Str: 21    XL:     6   Next: 71%
Magic:  6/6        EV:  4    Int:  9    God:
Gold:   119        SH:  9    Dex:  9    Spells: 5/5 levels left

rFire    . . .     SeeInvis .   a - +0 flail
rCold    . . .     Gourm    .   c - +0 kite shield
rNeg     + . .     Faith    .   j - +0 plate armour
rPois    ∞         Spirit   .   (no helmet)
rElec    +         Reflect  .   (no cloak)
rCorr    .         Harm     .   (no gloves)
MR       .....                  (no boots)
Stlth    ..........             (no amulet)
HPRegen  0.13/turn              g - ring of flight
MPRegen  0.10/turn              (no ring)

@: no status effects
A: negative energy resistance 1, electricity resistance, unbreathing,
petrification resistance, rot immunity, AC +4
a: Evoke Flight


You were on level 4 of the Dungeon.
You were not hungry.

You visited 1 branch of the dungeon, and saw 4 of its levels.

You collected 119 gold pieces.

Inventory:

Hand Weapons
 a - a +0 flail (weapon)
Armour
 c - a +0 kite shield (worn)
 j - a +0 plate armour (worn)
Jewellery
 g - a ring of flight (left hand)
Scrolls
 d - a scroll of identify
 k - a scroll of fog
 l - a scroll of random uselessness {unknown}
 o - a scroll of enchant armour {unknown}
Potions
 b - a potion of curing {unknown}
 e - 3 potions of flight {unknown}
 h - 2 potions of stabbing {unknown}
 i - a potion of mutation {unknown}
 m - a potion of lignification {unknown}
Comestibles
 f - 8 rations
 n - 12 chunks of flesh


   Skills:
 + Level 4.8 Fighting
 * Level 5.1 Maces & Flails
 - Level 3.2 Armour
 + Level 4.9 Shields


You had 5 spell levels left.
You didn't know any spells.
Your spell library contained the following spells:

 Spells                   Type           Power        Failure   Level  Hunger
 Magic Dart               Conj           #...         100%        1    ##.....
 Searing Ray              Conj           #.....       100%        2    ###....
 Dazzling Flash           Conj/Hex       #.....       100%        3    ####...
 Fulminant Prism          Conj/Hex       #.........   100%        4    #####..
 Iskenderun's Mystic Bla  Conj/Tloc      #.......     100%        4    #####..


Dungeon Overview and Level Annotations

Branches:
Dungeon (4/15)
 Temple: D:4-7

Altars:
Nemelex Xobeh

Shops:
D:4 :([


Innate Abilities, Weirdness & Mutations

You are resistant to torment.
Your stone body is resilient. (AC +4)
You are immune to poison.
You resist negative energy. (rN+)
You are resistant to electric shocks. (rElec)
You can survive without breathing.
You are immune to petrification.
You are immune to rotting.


Message History

The orc wizard blinks!
The orc priest calls down the wrath of Beogh upon you.
Beogh smites you!
You hear some strange, mumbled words.
A puff of flame appears from out of thin air!
The puff of flame hits you!
* * * LOW HITPOINT WARNING * * *
You hit something. You miss something.
Something hits you but does no damage. x2
You hit something. Something hits you but does no damage.
The orc priest calls down the wrath of Beogh upon you.
You hit something. Something hits you but does no damage.
The orc wizard casts a spell.
The orc wizard seems to speed up.
Your shield and plate armour prevent you from hitting something.
Something hits you but does no damage.
You miss something. You block something's attack.
The orc priest mumbles some strange prayers to Beogh against you.
Beogh smites you!
You die...

### #............ ##.._.
..##..#####............##.^...
.......##...#######[.##....^.
#.......## #.#...####
#......## #.##^'#.#. #......##
##..###..#. #...##..o##
#.......### ..o.o.# ##oo{#####
#..####.... ...o..
####@...###..## ##### #.....
#####......## #.... ##.###..#
..... ##.# ##.### # ..## #..#
##..#### .#########.## ##..##.
#..........# ##....
#....>.....### #.)..
#...######...######....


You could see an orc priest, an orc wizard (fast) and an orc.

Vanquished Creatures
  A scorpion (D:4)
  A centaur zombie (D:3)
  A bullfrog skeleton (D:4)
  An orc priest (D:4)
  An iguana (D:4)
  2 orc wizards (D:3)
  A worker ant (D:4)
  An adder (D:2)
  2 oozes
  3 worms
  2 leopard geckos
  21 orcs
  2 giant cockroaches
  3 goblins
  15 hobgoblins
  7 kobolds
  2 quokkas (D:3)
  12 bats
  5 frilled lizards
  4 rats
87 creatures vanquished.

Notes
Turn   | Place    | Note
-------+----------+-------------------------------------------
     0 | D:1      | HoaS the Gargoyle Fighter began the quest for the Orb.
     0 | D:1      | Reached XP level 1. HP: 14/14 MP: 1/1
    81 | D:1      | Reached XP level 2. HP: 18/19 MP: 2/2
   344 | D:1      | Reached XP level 3. HP: 23/23 MP: 3/3
   958 | D:2      | Reached skill level 3 in Maces & Flails
  1485 | D:3      | Reached XP level 4. HP: 23/29 MP: 4/4
  1777 | D:3      | Reached XP level 5. HP: 9/33 MP: 5/5
  1783 | D:3      | Reached skill level 4 in Maces & Flails
  2667 | D:4      | Found Zego's Antique Armour Shop.
  2720 | D:4      | Found a sparkling altar of Nemelex Xobeh.
  2759 | D:4      | Reached XP level 6. HP: 17/39 MP: 6/6
  2934 | D:4      | Found Oschid's Antique Weapon Shoppe.
  2982 | D:4      | Found Viskihan's Book Shop.
  3109 | D:4      | Reached skill level 5 in Maces & Flails
  3164 | D:4      | Killed from afar by an orc priest

Illustrated notes

Levels and vault maps discovered:
D:1:      dpeg_arrival_concentric_ovals, layout_rooms
D:2:      layout_loops_corners, dk_vineyard_2
D:3:      layout_loops_ring, first_ration
D:4:      layout_layer_cave, dancing_weapons_uskayaw,
          minmay_temple_entry_from_below_a, serial_shops, shop,
          nicolae_shop_temple_entry_statues_fountains, nicolae_shop_stone,
          nemelex_spade_bored_becter

Skill      XL: |  1  2  3  4  5  6 |
---------------+-------------------+-----
Maces & Flails | 3 4 5 |  5.1
Shields        | 4 |  4.9
Fighting       | 4 |  4.8
Armour         | |  3.2

Action                   |  1- 3 |  4- 6 || total
-------------------------+-------+-------++-------
Melee: Flail             |   186 |   261 ||   447
  Use: Scroll            |     1 |     6 ||     7
       Potion            |       |     1 ||     1
  Eat: Chunk             |     2 |     6 ||     8
Armor: Scale mail        |   130 |     7 ||   137
       Plate armour      |       |   133 ||   133
       Chain mail        |       |    10 ||    10
Dodge: Dodged            |    77 |    41 ||   118
Block: Kite shield       |   135 |   101 ||   236
